 Dungeon Crawl Stone Soup version 0.30-a0-313-gae38170b09 (webtiles) character file.

Game seed: 2345650675863323746

140082 ragingrage the Cloud Mage (level 16, -2/112 (126) HPs)
             Began as a Black Draconian Air Elementalist on Oct 26, 2022.
             Was a High Priest of Hepliaklqana.
             Slain by a war gargoyle
             ... wielding a +0 great mace of draining
              (4 damage)
             ... on level 14 of the Dungeon.
             The game lasted 00:55:05 (35851 turns).

ragingrage the Cloud Mage (DrAE)                   Turns: 35851, Time: 00:55:05

HP:   -2/112 (126)  AC: 17    Str: 13    XL:     16   Next: 75%
MP:   16/39         EV: 13    Int: 22    God:    Hepliaklqana [*****.]
Gold: 2976          SH: 15    Dex: 11    Spells: 23/35 levels left

rFire   + + .      SeeInvis .    Y - +3 Elemental Staff {rElec rF++ rC++ AC+5}
rCold   + + .      Faith    .    k - +0 kite shield
rNeg    . . .      Spirit   .    (body armour unavailable)
rPois   +          Reflect  +    (helmet restricted)
rElec   +          Harm     .    x - +0 cloak
rCorr   .          Rampage  .    U - +0 pair of gloves
Will    +....                    m - +0 pair of boots
Stlth   ++........               F - amulet of reflection
HPRegen 0.38/turn                G - ring of magical power
MPRegen 0.26/turn                R - ring of poison resistance

@: flying, heavily drained
A: reduced essence, breathe lightning, AC +9, unfitting armour, big wings,
electricity resistance, cold-blooded
a: Breathe Lightning, Renounce Religion, Recall Ancestor, Ancestor Identity,
Transference, Idealise


You were on level 14 of the Dungeon.
You worshipped Hepliaklqana.
Hepliaklqana was extremely pleased with you.
You visited 4 branches of the dungeon, and saw 23 of its levels.
You also visited: Ossuary and Gauntlet.

You collected 3207 gold pieces.
You spent 231 gold pieces at shops.

Inventory:

Hand Weapons
 Y - the +3 Elemental Staff (weapon) {rElec rF++ rC++ AC+5}
   (You took it off a deep elf zephyrmancer on level 12 of the Dungeon)

   If the wielder is skilled in Evocations, they can discharge powerful blasts
   of elemental energy when striking with it.
   It enhances your fire, ice, earth and air magic.
   AC:        It affects your AC (+5).
   rF:        It greatly protects you from fire.
   rC:        It greatly protects you from cold.
   rElec:     It insulates you from electricity.
Missiles
 C - 36 poisoned darts
 P - 9 curare-tipped darts
 T - 7 javelins
 W - 2 throwing nets
 X - 5 silver javelins
Armour
 k - a +0 kite shield (worn)
 m - a +0 pair of boots (worn)
 x - a +0 cloak (worn)
 U - a +0 pair of gloves (worn)
Jewellery
 g - a ring of positive energy
 u - the ring "Hybb" {rF+ rCorr}
   (You found it in a Gauntlet)

   [ring of resist corrosion]

   rF:        It protects you from fire.
   rCorr:     It protects you from acid and corrosion.
 F - an amulet of reflection (around neck)
 G - a ring of magical power (left hand)
 R - a ring of poison resistance (right hand)
Wands
 b - a wand of light (9)
 c - a wand of flame (24)
 l - a wand of mindburst (14)
 n - a wand of digging (17)
 B - a wand of polymorph (17)
 K - a wand of iceblast (22)
Scrolls
 a - a scroll of identify
 d - 15 scrolls of teleportation
 e - 4 scrolls of enchant weapon
 h - 2 scrolls of summoning
 j - 2 scrolls of amnesia
 o - a scroll of silence
 r - a scroll of butterflies
 s - 3 scrolls of magic mapping
 y - 3 scrolls of immolation
 E - 6 scrolls of enchant armour
 L - 6 scrolls of vulnerability
 O - a scroll of torment
 Q - 6 scrolls of blinking
 S - 3 scrolls of fear
 V - a scroll of brand weapon
Potions
 f - 4 potions of mutation
 i - 3 potions of ambrosia
 p - 5 potions of magic
 t - a potion of cancellation {unknown}
 v - 2 potions of attraction
 w - 2 potions of lignification
 z - 3 potions of brilliance
 A - 3 potions of might
 H - 7 potions of curing
 J - 8 potions of haste
 N - 3 potions of heal wounds
Miscellaneous
 D - a phial of floods (inert)
 Z - a box of beasts (inert)


   Skills:
 + Level 12.8 Fighting
 + Level 8.9 Dodging
 - Level 1.7 Stealth
 - Level 9.0 Shields
 + Level 10.1 Spellcasting
 - Level 6.3 Conjurations
 - Level 4.0 Translocations
 + Level 21.3 Air Magic
 + Level 8.5 Invocations
 + Level 4.1 Evocations


You had 23 spell levels left.
You knew the following spells:

 Your Spells              Type           Power      Damage    Failure   Level
a - Shock                 Conj/Air       100%       1d9       1%          1
b - Static Discharge      Conj/Air       100%       2-7/arc   1%          2
c - Swiftness             Air            100%       N/A       0%          3
d - Airstrike             Air            51%        2d(8-24)  1%          4
e - Blink                 Tloc           56%        N/A       4%          2

Your spell library contained the following spells:

 Spells                   Type           Power      Damage    Failure   Level
 Apportation              Tloc           56%        N/A       2%          1
 Momentum Strike          Conj/Tloc      66%        3d9       2%          2
 Gell's Gravitas          Tloc           28%        N/A       9%          3
 Lesser Beckoning         Tloc           56%        N/A       9%          3
 Teleport Other           Tloc           28%        N/A       9%          3
 Dazzling Flash           Conj/Hex       50%        N/A       12%         3
 Hailstorm                Conj/Ice       37%        3d9       12%         3
 Freeze                   Ice            64%        1d7       14%         1
 Necrotise                Necr           44%        1d6       14%         1
 Slow                     Hex            44%        N/A       14%         1
 Summon Small Mammal      Summ           44%        N/A       14%         1
 Iskenderun's Mystic Bla  Conj/Tloc      33%        2d8       17%         4
 Sublimation of Blood     Necr           11%        N/A       22%         2
 Flame Wave               Conj/Fire      37%        2d10      36%         4
 Sticky Flame             Conj/Fire      37%        2d6       36%         4
 Call Canine Familiar     Summ           11%        N/A       38%         3
 Confusing Touch          Hex            11%        N/A       38%         3
 Frozen Ramparts          Ice            32%        1d5       38%         3
 Inner Flame              Hex/Fire       16%        N/A       38%         3
 Summon Guardian Golem    Hex/Summ       11%        N/A       38%         3
 Vampiric Draining        Necr           11%        2d6       38%         3
 Irradiate                Conj/Tmut      12%        3d15      71%         5
 Animate Dead             Necr           11%        N/A       80%         4
 Cause Fear               Hex            5%         N/A       80%         4
 Ice Form                 Ice/Tmut       16%        N/A       80%         4
 Petrify                  Tmut/Erth      16%        N/A       80%         4
 Agony                    Necr           11%        N/A       98%         5
 Alistair's Intoxication  Tmut/Pois      7%         N/A       98%         5
 Dispersal                Tloc           14%        N/A       99%         6
 Starburst                Conj/Fire      18%        6d7       99%         6
 Simulacrum               Ice/Necr       8%         N/A       100%        6
 Haunt                    Necr/Summ      5%         N/A       100%        7
 Discord                  Hex            5%         N/A       100%        8
 Infestation              Necr           5%         N/A       100%        8


Dungeon Overview and Level Annotations

Branches:
Dungeon (15/15)            Temple (1/1) D:4            Lair (5/5) D:8
 Shoals (0/4) Lair:3        Snake (0/4) Lair:2        Slime (0/5) Lair:4
    Orc (2/2) D:11            Elf (0/3) Orc:2        Vaults (0/5) D:13
 Depths (0/4) D:15        Ossuary (visited)         Gauntlet (visited)

Altars:
Ashenzari
Cheibriados
Dithmenos
Elyvilon
Fedhas
Gozag
Hepliaklqana
Kikubaaqudgha
Makhleb
Nemelex Xobeh
Okawaru
Qazlal
Ru
Sif Muna
Trog
Uskayaw
Vehumet
Wu Jian
Xom
Yredelemnul
Zin
The Shining One
Jiyva

Shops:
D:2 [   D:7 ?   Orc:2 ((?((

Portals:
Abyss: D:7

Annotations:
D:7 2 transporters, FizzleBag's ghost, novice MiFi
D:8 Gastronok
D:9 Amaemon
D:15 exclusion: upstairs
Lair:2 1 runed translucent door, TheSexyCheese's ghost, journeyman HOFi
Lair:4 1 runed translucent door


Innate Abilities, Weirdness & Mutations

Your life essence is reduced to manifest your ancestor. (-10% HP)
You can breathe wild blasts of lightning.
Your glossy black scales are hard. (AC +9)
You cannot fit into any form of body armour.
Your large and strong wings let you fly.
You are resistant to electric shocks. (rElec)
You are cold-blooded and may be slowed by cold attacks.


Message History

Aiming: Airstrike (safe; 1% risk of failure)
Press: ? - help, Q - select action, (/) - cycle Dir - move target, f/p - war gargoyle
Aim: a war gargoyle, wielding a +0 great mace of draining (moderately damaged, empty space bonus: 7/8)
You feel a surge of power!
The air twists around and strikes the war gargoyle!
The war gargoyle is heavily damaged.
Aiming: Airstrike (safe; 1% risk of failure)
Press: ? - help, Q - select action, (/) - cycle Dir - move target, f/p - war gargoyle
Aim: a war gargoyle, wielding a +0 great mace of draining (heavily damaged, empty space bonus: 4/8)
You feel a surge of power!
The air twists around and strikes the war gargoyle but does no damage.
The war gargoyle hits you with a +0 great mace of draining!!
You feel drained. You block the war gargoyle's attack.
Aiming: Airstrike (safe; 1% risk of failure)
Press: ? - help, Q - select action, (/) - cycle Dir - move target, f/p - war gargoyle
Aim: a war gargoyle, wielding a +0 great mace of draining (heavily damaged, empty space bonus: 4/8)
You feel a surge of power!
The air twists around and strikes the war gargoyle!!
The war gargoyle is almost destroyed.
The war gargoyle launches metal splinters at you.
The spray of metal splinters misses you.
Aiming: Airstrike (safe; 1% risk of failure)
Press: ? - help, Q - select action, (/) - cycle Dir - move target, f/p - war gargoyle
Aim: a war gargoyle, wielding a +0 great mace of draining (almost destroyed, catching its breath, empty space bonus: 4/8)
You feel a surge of power!
The air twists around and strikes the war gargoyle but does no damage.
You block the war gargoyle's attack.
The war gargoyle hits you with a +0 great mace of draining!!
* * * LOW HITPOINT WARNING * * *
You feel drained.
* * * LOW HITPOINT WARNING * * *
Aiming: Airstrike (safe; 1% risk of failure)
Press: ? - help, Q - select action, (/) - cycle Dir - move target, f/p - war gargoyle
Aim: a war gargoyle, wielding a +0 great mace of draining (almost destroyed, catching its breath, empty space bonus: 4/8)
You feel a surge of power!
The air twists around and strikes the war gargoyle but does no damage.
The war gargoyle hits you with a +0 great mace of draining!!
* * * LOW HITPOINT WARNING * * *
You feel drained.
You die...

..R#..........### ##.......###...
..##....#.......###.........##.##
...>.......................###.#
...........................##..#
...............#.........####.##
............##....##...........#
.............#.#.##............##
...............#...........#....#
...............9@.##...#######..#
...............##.......## ####
..................##))...#
..................##...###
..........#...#..##..).#
.#........#...#####..))###
.........###..# ##.....#
..........##.### ##...##
...............# #...##


You could see a war gargoyle (catching breath).

Vanquished Creatures
  Rupert (D:14)
  A sphinx (D:14)
  A minotaur (Gauntlet)
  A dire elephant (Lair:5)
  A fire dragon (Lair:5)
  Josephine (D:11)
  2 ogre magi
  5 hydras
  10 two-headed ogres
  A boulder beetle (D:12)
  5 centaur warriors
  3 catoblepae (Lair:5)
  2 dancing weapons (D:13)
  A death knight (D:14)
  A death scarab (Gauntlet)
  3 death yaks (Lair:5)
  2 tengu warriors
  Sonja (D:10)
  Urug (D:11)
  2 deep trolls (Orc:2)
  2 lindwurms (Lair:5)
  2 wizards (D:14)
  An orc knight (Orc:2)
  A wolf spider (D:15)
  A deep elf zephyrmancer (D:12)
  A deep elf pyromancer (D:12)
  3 manticores
  6 cyclopes
  4 ugly things
  3 elephants
  A black mamba (Lair:1)
  A gargoyle (D:12)
  4 torpor snails (Lair:5)
  An orange demon (D:9)
  Maggie (D:9)
  6 cane toads
  2 kobold demonologists
  Psyche (D:11)
  3 komodo dragons
  12 rime drakes
  An efreet (D:12)
  2 freezing wraiths (D:14)
  6 trolls
  Prince Ribbit (D:7)
  A tarantella (shapeshifter) (D:13)
  4 tyrant leeches (Lair:5)
  5 hornets
  3 slime creatures (D:12)
  16 blink frogs
  2 dream sheep (Lair:5)
  A shadow (D:12)
  23 yaks
  3 wyverns
  5 basilisks
  2 wraiths (D:11)
  A spectral komodo dragon (Gauntlet)
  Menkaure (D:4)
  5 steam dragons
  Grum (D:8)
  A spectral cane toad (Gauntlet)
  An acid dragon (D:10)
  A warg (Orc:2)
  9 water moccasins
  12 orc warriors
  3 black bears
  An ice beast (D:7)
  16 ogres
  4 wolves (Gauntlet)
  7 centaurs
  A phantom (D:7)
  2 kobold brigands (D:11)
  A gnoll sergeant (D:11)
  6 bullfrogs
  A necrophage (D:6)
  8 scorpions
  18 wights
  9 killer bees
  2 howler monkeys (D:9)
  2 centaur zombies (Ossuary)
  6 orc priests
  2 hounds
  2 jellies (D:6)
  A gnoll bouda (D:7)
  Jessica (D:3)
  2 scorpion zombies (Ossuary)
  Natasha (twice) (D:4)
  13 orc wizards
  8 adders
  7 gnolls
  A white imp (D:6)
  4 ufetubi
  5 adder zombies (Ossuary)
  A worm (shapeshifter) (D:13)
  2 worms
  A dart slug (D:4)
  47 orcs
  10 bats
  3 endoplasms
  3 giant cockroaches
  6 gnoll zombies (Ossuary)
  5 goblins
  4 hobgoblins
  3 jackals (D:3)
  11 kobolds
  3 quokkas
  6 ball pythons
  2 frilled lizards (D:1)
  2 goblin zombies (Ossuary)
  3 hobgoblin zombies (Ossuary)
  7 orc zombies (Ossuary)
  4 rats
466 creatures vanquished.

Vanquished Creatures (collateral kills)
  A tengu reaver (D:13)
  A fire dragon (Lair:5)
  Harold (D:11)
  An entropy weaver (shapeshifter) (D:15)
  A great orb of eyes (shapeshifter) (D:13)
  An ogre mage (Orc:2)
  2 hydras
  3 two-headed ogres (Orc:2)
  3 boulder beetles
  A death scarab (Gauntlet)
  A fire crab (D:12)
  An orc sorcerer (Orc:2)
  A necromancer (Gauntlet)
  7 slime creatures
  7 cyclopes
  4 elephants
  An ugly thing (D:12)
  3 black mambas (Lair:5)
  Joseph (D:8)
  2 torpor snails
  4 cane toads
  2 komodo dragons
  An efreet (D:12)
  6 rime drakes
  2 freezing wraiths (D:14)
  4 tengu conjurers
  5 trolls
  7 blink frogs
  2 raiju (D:12)
  3 hornets (Lair:5)
  A vampire (D:10)
  3 wraiths
  A wyvern (D:7)
  A basilisk (Lair:2)
  18 yaks
  5 wargs
  A spectral cane toad (Gauntlet)
  3 steam dragons
  3 water moccasins
  A spectral torpor snail (Gauntlet)
  A black bear (D:8)
  An ice beast (D:6)
  4 orc warriors
  13 ogres
  4 wolves
  2 centaurs
  4 kobold brigands
  10 bullfrogs
  A scorpion (D:8)
  2 wights
  6 killer bees
  3 howler monkeys
  2 jellies
  2 orc priests
  An iguana (D:5)
  7 orc wizards
  A hell rat (Lair:5)
  A shadow imp (D:7)
  11 orcs
  2 bats (D:10)
194 creatures vanquished.

Vanquished Creatures (others)
  Erolcha (D:13)
  An acid dragon (D:13)
  40 battlemagi
  7 ancestors
  2 demonic plants (Gauntlet)
  117 fungi
  82 plants
250 creatures vanquished.

Grand Total: 910 creatures vanquished

Notes
Turn   | Place    | Note
-------+----------+-------------------------------------------
     0 | D:1      | ragingrage the Draconian Air Elementalist began the quest
                  | for the Orb.
     0 | D:1      | Reached XP level 1. HP: 14/14 MP: 3/3
   154 | D:1      | Reached XP level 2. HP: 20/20 MP: 1/5
   469 | D:1      | Learned a level 2 spell: Static Discharge
   879 | D:2      | Found Anur's Antique Armour Emporium.
  1037 | D:2      | Reached XP level 3. HP: 26/26 MP: 0/6
  1698 | D:3      | Noticed Jessica
  1703 | D:3      | Killed Jessica
  1704 | D:3      | Reached skill level 4 in Air Magic
  1704 | D:3      | Reached XP level 4. HP: 33/33 MP: 1/7
  1812 | D:3      | Learned a level 3 spell: Swiftness
  1852 | D:3      | Found a snail-covered altar of Cheibriados.
  2004 | D:3      | Found a faded altar of an unknown god.
  2476 | D:3      | Found a sacrificial altar of Ru.
  2476 | D:3      | Found a broken altar of Ashenzari.
  2653 | D:4      | Identified the +0 hand axe "Plog" {drain, +Blink rPois rF+
                  | rCorr}
  2721 | D:4      | Reached XP level 5. HP: 17/38 MP: 1/8
  2781 | D:4      | Found a sand-covered staircase.
  2789 | Ossuary  | Entered an ossuary
  2961 | Ossuary  | Reached skill level 5 in Air Magic
  3265 | Ossuary  | Reached XP level 6. HP: 22/45 MP: 6/9
  3712 | Ossuary  | Noticed a silent spectre
  3838 | D:4      | Reached skill level 5 in Conjurations
  3838 | D:4      | Reached skill level 6 in Air Magic
  3838 | D:4      | Your scales start taking on a glossy black colour.
  3838 | D:4      | Reached skill level 7 in Air Magic
  3838 | D:4      | Reached XP level 7. HP: 48/50 MP: 2/10
  3838 | D:4      | Gained mutation: You are resistant to electric shocks.
                  | (rElec) [Black Draconian growth]
  4131 | D:4      | Found a shadowy altar of Dithmenos.
  4133 | D:4      | Noticed Menkaure
  4140 | D:5      | Entered Level 5 of the Dungeon
  4244 | D:4      | Killed Menkaure
  4245 | D:4      | Reached skill level 8 in Air Magic
  4414 | D:4      | Found a staircase to the Ecumenical Temple.
  4422 | Temple   | Entered the Ecumenical Temple
  4615 | Temple   | Became a worshipper of Hepliaklqana the Forgotten
  4744 | D:4      | Noticed Natasha
  4811 | D:4      | Killed Natasha
  4849 | D:4      | Noticed Natasha
  4854 | D:4      | Killed Natasha
  4926 | D:4      | Learned a level 4 spell: Airstrike
  5210 | D:5      | Reached skill level 9 in Air Magic
  5210 | D:5      | Reached XP level 8. HP: 56/57 MP: 4/11
  5278 | D:5      | Found an ancient bone altar of Kikubaaqudgha.
  5540 | D:5      | Reached skill level 10 in Air Magic
  5798 | D:6      | Reached * piety under Hepliaklqana
  6010 | D:5      | Reached skill level 11 in Air Magic
  6464 | D:6      | Reached skill level 12 in Air Magic
  6464 | D:6      | Reached XP level 9. HP: 55/55 MP: 3/12
  7046 | D:7      | Noticed Prince Ribbit
  7193 | D:7      | Killed Prince Ribbit
  7523 | D:7      | Found a one-way gate to the infinite horrors of the Abyss.
  7523 | D:7      | Noticed FizzleBag's ghost (novice MiFi)
  7632 | D:7      | Reached skill level 13 in Air Magic
  7740 | D:7      | Found a transporter.
  7800 | D:7      | Reached skill level 5 in Spellcasting
  8231 | D:7      | Found a transporter.
  8258 | D:7      | Found a shimmering altar of Xom.
  8303 | D:7      | Reached ** piety under Hepliaklqana
  8357 | D:7      | Remembered your ancestor Tiberia as a battlemage
  8466 | D:7      | Found Xaggist's Magic Scroll Shop.
  8472 | D:7      | Bought a scroll of teleportation for 45 gold pieces
  8472 | D:7      | Bought a scroll of butterflies for 60 gold pieces
  8723 | D:8      | Noticed Gastronok
  8786 | D:7      | Noticed a brown ugly thing
  8852 | D:8      | Noticed Joseph
  8855 | D:8      | Killed Joseph
  8856 | D:8      | Reached XP level 10. HP: 53/62 MP: 5/19
  8981 | D:8      | Reached skill level 14 in Air Magic
  9311 | D:8      | Noticed a red ugly thing
  9338 | D:8      | Found a staircase to the Lair.
  9345 | Lair:1   | Entered Level 1 of the Lair of Beasts
  9550 | D:8      | Killed a red ugly thing
  9906 | D:8      | Reached skill level 15 in Air Magic
  9958 | D:8      | Reached skill level 1 in Fighting
  9958 | D:8      | Reached skill level 1 in Invocations
 10148 | D:8      | Noticed Grum
 10151 | D:8      | Killed Grum
 10688 | D:9      | Noticed Amaemon
 10688 | D:9      | Noticed an orange demon
 10692 | D:9      | Killed an orange demon
 10781 | D:9      | Reached XP level 11. HP: 71/71 MP: 21/23
 11356 | D:9      | Reached *** piety under Hepliaklqana
 11364 | D:9      | Found an ornate altar of the Wu Jian Council.
 11366 | D:9      | Found a glowing silver altar of Zin.
 11665 | D:9      | Noticed Maggie
 11668 | D:9      | Killed Maggie
 12304 | D:10     | Entered Level 10 of the Dungeon
 12797 | D:10     | Noticed Sonja
 12800 | D:10     | Killed Sonja
 13089 | D:10     | Found a hide-covered altar of Uskayaw.
 13096 | D:10     | Noticed a +0 hand axe
 13097 | D:10     | Noticed a +0 hand axe
 13497 | D:10     | Reached **** piety under Hepliaklqana
 13539 | D:11     | Found a shadowy altar of Dithmenos.
 13657 | D:11     | Noticed Josephine
 13668 | D:11     | Killed Josephine
 13785 | D:11     | Reached skill level 5 in Fighting
 13785 | D:11     | Reached skill level 5 in Invocations
 13842 | D:11     | Noticed Urug
 13852 | D:11     | Killed Urug
 13957 | D:11     | Reached skill level 16 in Air Magic
 13964 | D:11     | Reached XP level 12. HP: 84/84 MP: 16/25
 13972 | D:11     | Reached skill level 5 in Dodging
 14378 | D:11     | Noticed Psyche
 14391 | D:11     | Noticed Harold
 14521 | Lair:1   | Identified the +7 broad axe of Propriety {protect, rN+ MP+9
                  | Int+2}
 15098 | Lair:1   | Noticed a four-headed hydra
 15189 | Lair:1   | Killed a four-headed hydra
 15388 | Lair:1   | Reached ***** piety under Hepliaklqana
 15541 | Lair:2   | Found a staircase to the Snake Pit.
 15759 | Lair:2   | Reached skill level 10 in Spellcasting
 15882 | Lair:2   | Found a runed translucent door.
 15882 | Lair:2   | Found a shimmering altar of Xom.
 15882 | Lair:2   | Noticed TheSexyCheese's ghost (journeyman HOFi)
 17157 | Lair:3   | Found a staircase to the Shoals.
 17493 | Lair:4   | Found a runed translucent door.
 17494 | Lair:4   | Found a viscous altar of Jiyva.
 17497 | Lair:4   | Found a staircase to the Slime Pits.
 17526 | Lair:4   | Noticed an eight-headed hydra
 17529 | Lair:4   | Killed an eight-headed hydra
 17530 | Lair:4   | Reached skill level 17 in Air Magic
 17619 | Lair:4   | Noticed a five-headed hydra
 17623 | Lair:4   | Killed a five-headed hydra
 17797 | Lair:4   | Reached ****** piety under Hepliaklqana
 17882 | Lair:4   | Reached XP level 13. HP: 96/96 MP: 27/27
 18401 | Lair:5   | Entered Level 5 of the Lair of Beasts
 18841 | Lair:5   | Noticed a fire dragon
 19755 | Lair:5   | Killed a fire dragon
 20509 | Lair:5   | Reached skill level 18 in Air Magic
 20676 | Lair:5   | Found a runed translucent door.
 20677 | Lair:5   | Noticed a fire dragon
 20823 | Lair:5   | Reached skill level 10 in Fighting
 21346 | Lair:5   | Identified the +3 flail of Severance {pain, rCorr Str+6}
 22110 | Lair:5   | Learned a level 2 spell: Blink
 22187 | Lair:5   | Reached skill level 1 in Translocations
 22545 | Lair:5   | Gained mutation: Your large and strong wings let you fly.
                  | [Black Draconian growth]
 22545 | Lair:5   | Reached XP level 14. HP: 109/109 MP: 28/28
 22672 | Lair:5   | Paralysed by a hornet for 3 turns
 22971 | Lair:5   | Identified the +0 robe "Hov Paave" {Harm rC- Str+2 Int+3}
 23332 | Lair:5   | Reached skill level 1 in Shields
 25228 | D:11     | Found a staircase to the Orcish Mines.
 25263 | D:11     | Reached skill level 19 in Air Magic
 25458 | D:11     | Killed Psyche
 25464 | D:11     | Killed Harold
 27705 | Orc:1    | Entered Level 1 of the Orcish Mines
 27743 | Orc:1    | Reached skill level 5 in Shields
 28194 | Orc:2    | Entered Level 2 of the Orcish Mines
 28250 | Orc:2    | Found a staircase to the Elven Halls.
 29378 | Orc:2    | Found Guacaim's Antique Weapon Boutique.
 29457 | Orc:2    | Reached skill level 20 in Air Magic
 29900 | Orc:2    | Reached XP level 15. HP: 118/118 MP: 17/29
 30445 | Orc:2    | Found Ziam's Antique Weapon Emporium.
 30446 | Orc:2    | Found Jot Assu's Magic Scroll Shoppe.
 30451 | Orc:2    | Found Gail's Antique Weapon Boutique.
 30553 | Orc:2    | Bought a scroll of teleportation for 42 gold pieces
 30553 | Orc:2    | Bought a scroll of teleportation for 42 gold pieces
 30553 | Orc:2    | Bought a scroll of teleportation for 42 gold pieces
 30562 | Orc:2    | Found Baoruos's Weapon Emporium.
 30563 | Orc:2    | Reached XP level 16. HP: 125/125 MP: 30/30
 30740 | D:13     | Noticed Erolcha
 30743 | D:13     | Killed Erolcha
 31102 | D:13     | Found a gate to the Vaults.
 31155 | D:13     | Reached skill level 1 in Evocations
 31675 | D:13     | Noticed a tengu reaver
 31880 | D:13     | Reached skill level 21 in Air Magic
 32780 | D:13     | Killed a tengu reaver
 33462 | D:15     | Entered Level 15 of the Dungeon
 33632 | D:15     | Found a gate leading to a gauntlet.
 33646 | Gauntlet | Entered a Gauntlet
 33646 | Gauntlet | Found a runed translucent gate.
 33646 | Gauntlet | Found a transporter.
 33646 | Gauntlet | Found a transporter.
 33690 | Gauntlet | Found a runed translucent gate.
 33691 | Gauntlet | Found a runed translucent gate.
 33700 | Gauntlet | Found a transporter.
 33703 | Gauntlet | Found a transporter.
 33711 | Gauntlet | Found a transporter.
 33714 | Gauntlet | Found a transporter.
 33721 | Gauntlet | Found a runed translucent door.
 33723 | Gauntlet | Found a transporter.
 33742 | Gauntlet | Found a transporter.
 33762 | Gauntlet | Found a transporter.
 33763 | Gauntlet | Found a transporter.
 33774 | Gauntlet | Found a transporter.
 33776 | Gauntlet | Found a transporter.
 33917 | Gauntlet | Identified the amulet "Xuac" {-Tele rC+ Regen+ Slay+2}
 34308 | Gauntlet | Identified the ring "Hybb" {rF+ rCorr}
 34787 | D:14     | Noticed Rupert
 34986 | D:14     | Killed Rupert
 35383 | D:14     | Noticed a sphinx
 35393 | D:14     | Killed a sphinx
 35566 | D:14     | Found a blossoming altar of Fedhas.
 35851 | D:14     | HP: 2/117 [war gargoyle/+0 great mace of draining (20)]
 35851 | D:14     | Slain by a war gargoyle

Illustrated notes

Levels and vault maps discovered:
D:1:      dpeg_arrival_shrine, layout_rooms
D:2:      layout_loops_ring, serial_shops, nicolae_shop_hallway_stairs
D:3:      layout_rooms, mainiacjoe_overflow_divided_tiny,
          mainiacjoe_overflow_small_starburst,
          ebering_ecumenical_altar_petrified, grunt_decor_fettered, uniq_jessica
D:4:      layout_rooms, lemuel_round_altar, minmay_temple_entry_statues,
          nicolae_ossuary_entry_false_entrances, uniq_menkaure, uniq_natasha
D:5:      layout_cave_pools, mainiacjoe_overflow_concentric_impassable
D:6:      layout_basic, st_stairs_2
D:7:      layout_loops_ring, lemuel_round_altar, serial_shops,
          nicolae_shop_stone, gammafunk_ghost_abyssal_escape,
          minmay_misc_feat_four_crosses, uniq_prince_ribbit1
D:8:      layout_rooms, due_lair_maze_entry_diamond, small_chamber_with_monster,
          uniq_grum, uniq_gastronok, uniq_joseph
D:9:      layout_stronghold, mainiacjoe_overflow_catch_the_wave, uniq_amaemon,
          uniq_maggie
D:10:     old_forge, layout_basic, dancing_weapons_uskayaw,
          chequers_serial_rivers_micro_b, uniq_sonja
D:11:     layout_layer_cave, kennysheep_orc_monster_closet_entryway,
          nicolae_dithmenos_shadow_blocks, uniq_urug, uniq_harold,
          uniq_josephine, uniq_psyche
D:12:     layout_roguey, dilly_guarded_unrand_elemental_staff
D:13:     evilmike_diamond_1, layout_loops_ring, erik_vaults_1, uniq_erolcha
D:14:     minmay_mutant_horseshoe, layout_cave_pools,
          infiniplex_staircase_zigzag_3, fedhas_ov_isle_minmay, uniq_rupert
D:15:     grunt_enter_depths_hoard, layout_basic, gauntlet_entry_generic,
          zin_angel, serial_aquarium, aquarium_bridge_straight
          [aquarium_subvault_bridge, aquarium_subvault_wall,
          aquarium_subvault_bridge, aquarium_subvault_window],
          aquarium_bridge_straight [aquarium_subvault_bridge,
          aquarium_subvault_window, aquarium_subvault_bridge,
          aquarium_subvault_window], aquarium_window_2, aquarium_window_1,
          aquarium_view_2c, aquarium_view_2b, aquarium_balcony_3b,
          grunt_ministairs_12, uniq_jorgrun
Temple:   nicolae_temple_bog_church
Lair:1:   cheibrodos_lair_river_kwai, layout_chaotic_city
Lair:2:   layout_chaotic_city, dummy_snake_entry, ebering_ghost_xom,
          grunt_megastairs_2
Lair:3:   layout_cave_shapes, elwin_shoals_entry_rooms
Lair:4:   layout_gridlike, slime_entry_2, columned_hall_lemuel
Lair:5:   hangedman_lair_in_review, layout_regular_city, wormcave,
          chequers_serial_rivers_micro_e, st_stairs_5, bobbens_dragon_lair_wall,
          infiniplex_staircase_pool_2
Orc:1:    layout_caves
Orc:2:    st_orc_open, layout_diamond_mine, serial_shops, shop,
          nicolae_orc_lava_room

Skill      XL: |  1  2  3  4  5  6  7  8  9 10 11 12 13 14 15 16 |
---------------+-------------------------------------------------+-----
Conjurations   | 2 3 4 5 6 |  6.3
Air Magic      | 4 5 7 9 12 13 15 16 17 18 20 21 | 21.3
Spellcasting   | 6 8 9 10 | 10.1
Dodging        | 2 4 6 8 |  8.9
Fighting       | 2 5 7 10 12 | 12.8
Invocations    | 2 5 6 7 8 |  8.5
Translocations | 1 4 |  4.0
Shields        | 6 8 9 |  9.0
Evocations     | 4 |  4.1
Stealth        | |  1.7

Action                   |  1- 3 |  4- 6 |  7- 9 | 10-12 | 13-15 | 16-18 || total
-------------------------+-------+-------+-------+-------+-------+-------++-------
Melee: Unarmed           |     7 |       |       |       |       |       ||     7
       Short sword       |    14 |    16 |       |       |       |       ||    30
       Tailslap          |     4 |    21 |     7 |     9 |    17 |     9 ||    67
       Hand axe          |       |   123 |    72 |    24 |    18 |       ||   237
       Broad axe         |       |       |       |    15 |    36 |       ||    51
       Staff             |       |       |       |       |    18 |    32 ||    50
Throw: Dart              |       |       |       |     4 |       |     5 ||     9
       Boomerang         |       |       |       |       |       |     4 ||     4
 Cast: Shock             |    50 |    68 |   212 |   281 |   253 |    30 ||   894
       Static Discharge  |       |     7 |    12 |     7 |    37 |     1 ||    64
       Airstrike         |       |       |    20 |   136 |   310 |   168 ||   634
       Blink             |       |       |       |       |       |     2 ||     2
Invok: Recall Ancestor   |       |       |     5 |     5 |     5 |     1 ||    16
       Ancestor Life: Ba |       |       |     1 |       |       |       ||     1
       Idealise          |       |       |       |       |       |     1 ||     1
 Abil: Breathe Lightning |       |       |     5 |     4 |    11 |     5 ||    25
Evoke: Wand              |       |       |     3 |     6 |     9 |     2 ||    20
       Box of beasts     |       |       |       |       |       |     1 ||     1
       Phial of floods   |       |       |       |       |       |     1 ||     1
  Use: Potion            |       |     1 |     3 |     1 |     2 |     2 ||     9
       Scroll            |       |     4 |       |    14 |     9 |     3 ||    30
 Stab: Sleeping          |     1 |       |       |       |       |       ||     1
       Distracted        |       |       |       |     1 |       |       ||     1
Armor: Skin              |     6 |   103 |    55 |    39 |   112 |    40 ||   355
Dodge: Dodged            |    24 |    79 |    67 |    55 |   117 |    63 ||   405
Block: Kite shield       |       |    50 |    52 |    37 |    78 |    56 ||   273

Table legend: (Time is in decaauts)
 A = Elapsed time spent in this place.
 B = Non-inter-level travel time spent in this place.
 C = Inter-level travel time spent in this place.
 D = Time resting spent in this place.
 E = Time spent auto-exploring this place.
 F = Levels seen in this place.
 G = Mean time per level.
                   A        B        C        D        E       F      G
               +--------+--------+--------+--------+--------+-----+--------+
         Total |  36134 |  34903 |   1231 |  11790 |  18205 |  25 | 1445.4 |
       Dungeon |  21073 |  20318 |    755 |   6336 |  11241 |  15 | 1404.9 |
        Temple |    218 |    193 |     25 |      0 |    173 |   1 |  218.0 |
          Lair |  10288 |   9955 |    333 |   3615 |   5167 |   5 | 2057.6 |
  Orcish Mines |   2714 |   2596 |    118 |    922 |   1274 |   2 | 1357.0 |
       Ossuary |   1045 |   1045 |      0 |    565 |    180 |   1 | 1045.0 |
      Gauntlet |    793 |    793 |      0 |    352 |    169 |   1 |  793.0 |
               +--------+--------+--------+--------+--------+-----+--------+

Top non-repeatable levels by time:
  Lair:5: 4717 daAuts
  Lair:4: 2406 daAuts
    D:11: 2401 daAuts
   Orc:2: 2133 daAuts
    D:13: 2100 daAuts
    D:12: 2056 daAuts
     D:8: 1750 daAuts
     D:9: 1720 daAuts
     D:7: 1528 daAuts
    D:14: 1373 daAuts
    D:10: 1287 daAuts
  Lair:1: 1270 daAuts
     D:6: 1229 daAuts
     D:4: 1176 daAuts
     D:5: 1071 daAuts
